 Dungeon Crawl Stone Soup version 0.28-a0-1506-g3893175d92 (webtiles) character file.

Game seed: 6637605566000243133

59 Lekart the Skirmisher (level 3, -6/33 HPs)
             Began as a Draconian Fighter on Jan 13, 2022.
             Was a Believer of Lugonu.
             Mangled by a gnoll (11 damage)
             ... on level 2 of the Dungeon.
             The game lasted 00:01:37 (1237 turns).

Lekart the Skirmisher (Draconian Fighter)           Turns: 1237, Time: 00:01:38

Health: -6/33      AC:  5    Str: 18    XL:     3   Next: 78%
Magic:  3/3        EV: 12    Int:  8    God:    Lugonu [**....]
Gold:   37         SH:  4    Dex: 12    Spells: 2/2 levels left

rFire   . . .      SeeInvis .   k - +0 hand axe (elec)
rCold   . . .      Faith    .   b - +0 buckler
rNeg    . . .      Spirit   .   (armour unavailable)
rPois   .          Reflect  .   (helmet restricted)
rElec   .          Harm     .   (no cloak)
rCorr   .          Rampage  .   (no gloves)
Will    .....                   (no boots)
Stlth   +.........              (no amulet)
HPRegen 0.11/turn               (no ring)
MPRegen 0.08/turn               (no ring)

@: no status effects
A: AC +5, unfitting armour, cold-blooded
a: Renounce Religion, Depart the Abyss, Bend Space


You were on level 2 of the Dungeon.
You worshipped Lugonu.
Lugonu was pleased with you.
You visited 1 branch of the dungeon, and saw 2 of its levels.

You collected 37 gold pieces.

Inventory:

Hand Weapons
 a - a +0 long sword
 f - a +4 whip
 k - a +0 hand axe of electrocution (weapon)
Missiles
 j - a throwing net (quivered)
Armour
 b - a +0 buckler (worn)
Scrolls
 e - 2 scrolls of enchant weapon {unknown}
 g - a scroll of enchant armour {unknown}
Potions
 c - a potion of might
 d - a potion of brilliance {unknown}
 h - 2 potions of attraction {unknown}
 i - a potion of curing {unknown}


   Skills:
 * Level 4.1 Fighting
 + Level 2.2 Long Blades
 + Level 0.3 Axes
 + Level 0.1(0.2) Maces & Flails
 + Level 3.1 Dodging
 + Level 3.3 Shields
 * Level 0.7 Invocations


You had 2 spell levels left.
You didn't know any spells.
Your spell library was empty.

Dungeon Overview and Level Annotations

Branches:
Dungeon (2/15)

Altars:
Lugonu


Innate Abilities, Weirdness & Mutations

Your plain brown scales are hard. (AC +5)
You cannot fit into any form of body armour.
You are cold-blooded and may be slowed by cold attacks.


Message History

You hit the gnoll.
The gnoll is moderately wounded.
You feel sick. The gnoll hits you but does no damage.
You hit the gnoll. You tail-slap the gnoll.
The gnoll is heavily wounded.
You feel sick. The gnoll hits you with a +0 club.
You slash the gnoll!
You kill the gnoll!
Lugonu accepts your kill.
You feel sick.
No target in view!
No target in view!
You feel sick.
You feel sick.
You are no longer poisoned.
A gnoll comes into view. It is wielding a +0 club.
The gnoll shouts!
You hear a shout!
Items here: )) ††.
A gnoll is nearby!
A gnoll is nearby!
The gnoll hits you with a +0 club.
You are too injured to fight recklessly!
You are too injured to fight recklessly!
You are too injured to fight recklessly!
You are too injured to fight recklessly!
You are too injured to fight recklessly!
You are too injured to fight recklessly!
You hit the gnoll.
The gnoll is heavily wounded.
The gnoll hits you with a +0 club.
You hit the gnoll.
The gnoll is heavily wounded.
You block the gnoll's attack.
A gnoll comes into view. It is wielding a +0 halberd.
You hit the gnoll. You tail-slap the gnoll.
The gnoll is almost dead.
The gnoll hits you with a +0 club.
* * * LOW HITPOINT WARNING * * *
The gnoll hits you from afar with a +0 halberd!
You die...

..# #.# ## #.#
.# #.# .#
##.#######
.###........#
<.....#########
# ###...####
#.####g#
#......#
#..)@g.#
#†..##.#
#.######
#...##.# #.#
..#...##.####.#
..............#
..#.####.##.###
.##.# #.##.# .
... ..##.# ##.
##....#


You could see 2 gnolls.

Vanquished Creatures
  2 gnolls (D:2)
  An adder (D:2)
  2 dart slugs (D:1)
  4 endoplasms (D:1)
  2 giant cockroaches (D:1)
  2 goblins (D:1)
  2 hobgoblins (D:1)
  A quokka (D:2)
  3 ball pythons
  2 bats
  A frilled lizard (D:1)
  2 kobolds
  2 rats
26 creatures vanquished.

Notes
Turn   | Place    | Note
-------+----------+-------------------------------------------
     0 | D:1      | Lekart the Draconian Fighter began the quest for the Orb.
     0 | D:1      | Reached XP level 1. HP: 19/19 MP: 1/1
   205 | D:1      | Reached XP level 2. HP: 25/26 MP: 2/2
   785 | D:1      | Found a faded altar of an unknown god.
   785 | D:1      | Noticed a green death
   957 | D:1      | Prayed at the altar of an unknown god.
   957 | D:1      | Became a worshipper of Lugonu the Unformed
   957 | D:1      | Reached * piety under Lugonu
   957 | D:1      | Reached ** piety under Lugonu
  1160 | D:2      | Reached XP level 3. HP: 33/33 MP: 3/3
  1173 | D:2      | Reached skill level 4 in Fighting
  1237 | D:2      | Mangled by a gnoll

Illustrated notes

Levels and vault maps discovered:
D:1:      lightli_arrival_flooded_house, layout_loops_ring,
          dreamdust_ecumenical_altar_sealed_demon
D:2:      minmay_chambers_of_ones, layout_loops_ring

Skill      XL: |  1  2  3 |
---------------+----------+-----
Dodging        | 3 |  3.1
Fighting       | 4 |  4.1
Long Blades    | |  2.2
Axes           | |  0.3
Maces & Flails | |  0.1
Shields        | |  3.3
Invocations    | |  0.7

Action                   || total
-------------------------++-------
Melee: Long sword        ||    22
       Tailslap          ||    11
       Hand axe          ||    30
       Whip              ||    17
 Stab: Sleeping          ||     3
Armor: Skin              ||    16
Dodge: Dodged            ||    30
Block: Buckler           ||    14

Table legend: (Time is in decaauts)
 A = Elapsed time spent in this place.
 B = Non-inter-level travel time spent in this place.
 C = Inter-level travel time spent in this place.
 D = Time resting spent in this place.
 E = Time spent auto-exploring this place.
 F = Levels seen in this place.
 G = Mean time per level.
                   A        B        C        D        E       F      G
               +--------+--------+--------+--------+--------+-----+--------+
         Total |   1257 |   1142 |    115 |      0 |    930 |   2 |  628.5 |
       Dungeon |   1257 |   1142 |    115 |      0 |    930 |   2 |  628.5 |
               +--------+--------+--------+--------+--------+-----+--------+

Top non-repeatable levels by time:
     D:1: 994 daAuts
     D:2: 263 daAuts
